 Dungeon Crawl Stone Soup version 0.29.0-13-gc9e81de378 (webtiles) character file.

Game seed: 11114975242262452313

4 Strat the Ducker (level 1, 0/13 HPs)
             Began as a Deep Elf Abyssal Knight on Sept 9, 2022.
             Was a Believer of Lugonu.
             Slain by a goblin
             ... wielding a +0 club
              (4 damage)
             ... on level 2 of the Dungeon.
             The game lasted 00:01:16 (482 turns).

Strat the Ducker (Deep Elf Abyssal Knight)           Turns: 482, Time: 00:01:16

Health: 0/13       AC:  3    Str: 10    XL:     1   Next: 50%
Magic:  4/4        EV:  9    Int: 14    God:    Lugonu [**....]
Gold:   0          SH:  0    Dex: 15    Spells: 0/0 levels left

rFire   . . .      SeeInvis .   a - +1 short sword
rCold   . . .      Faith    .   (no shield)
rNeg    . . .      Spirit   .   b - +0 leather armour
rPois   .          Reflect  .   (no helmet)
rElec   .          Harm     .   (no cloak)
rCorr   .          Rampage  .   (no gloves)
Will    .....                   (no boots)
Stlth   +.........              (no amulet)
HPRegen 0.04/turn               (no ring)
MPRegen 0.09/turn               (no ring)

@: constricted
A: no striking features
a: Renounce Religion, Depart the Abyss, Bend Space


You were on level 2 of the Dungeon.
You worshipped Lugonu.
Lugonu was pleased with you.
You visited 1 branch of the dungeon, and saw 2 of its levels.
You visited the Abyss 1 time.

Inventory:

Hand Weapons
 a - a +1 short sword (weapon)
Armour
 b - a +0 leather armour (worn)
Potions
 c - a potion of curing {unknown}
 d - a potion of heal wounds {unknown}


   Skills:
 - Level 2.4 Fighting
 * Level 2.2 Short Blades
 - Level 0.7 Armour
 - Level 2.4 Dodging
 + Level 0.6 Stealth
 - Level 2.0 Invocations


You couldn't memorise any spells.
You didn't know any spells.
Your spell library was empty.

Dungeon Overview and Level Annotations

Branches:
Dungeon (2/15)

Altars:


Message History

Things that are here:
a +0 dagger; a stone A hobgoblin comes into view.
The hobgoblin shouts!
The goblin attacks as you move away! The goblin closely misses you.
The goblin attacks as you move away! The goblin hits you but does no damage.
Found 11 gold pieces and 9 stones.
Found a stone staircase leading down.
A ball python comes into view.
Found a white potion.
The ball python hisses angrily.
The goblin attacks as you move away! The goblin hits you with a +0 club.
* * * LOW HITPOINT WARNING * * *
The ball python bites you.
* * * LOW HITPOINT WARNING * * *
The ball python misses you. The goblin attacks as you move away!
The goblin barely misses you. The ball python barely misses you. x2
The ball python attacks as you move away!
The ball python barely misses you. The goblin closely misses you.
A hobgoblin comes into view.
The goblin attacks as you move away! The goblin completely misses you.
The ball python misses you. The ball python grabs you.
The ball python constricts you.
* * * LOW HITPOINT WARNING * * *
The ball python bites you but does no damage.
The ball python constricts you.
You escape the ball python's grasp.
The ball python attacks as you move away!
The ball python bites you but does no damage.
The ball python closely misses you.
There is a stone staircase leading down here.
The hobgoblin shouts!
The hobgoblin closely misses you. The goblin barely misses you.
You climb downwards.
Found a scroll labelled BYUSAR YTSAIMMO.
There is a stone staircase leading up here.
You closely miss the ball python. The ball python closely misses you.
The ball python grabs you. The ball python constricts you.
The hobgoblin barely misses you. The goblin hits you with a +0 club.
You die...

#########
#g@.....#
#gS.....#
#.......#
#..J....#
......?.#
##.......#
........#
........#


You could see an endoplasm (asleep), a hobgoblin, a goblin and a ball python.

Vanquished Creatures
  An endoplasm (D:1)
  A kobold (D:1)
  2 frilled lizards (D:1)
4 creatures vanquished.

Notes
Turn   | Place    | Note
-------+----------+-------------------------------------------
     0 | Abyss:1  | Strat the Deep Elf Abyssal Knight began the quest for the
                  | Orb.
     0 | Abyss:1  | Reached XP level 1. HP: 13/13 MP: 4/4
     6 | D:1      | Escaped the Abyss
   482 | D:2      | Slain by a goblin

Illustrated notes

Levels and vault maps discovered:
D:1:      minmay_arrival_diagonal_passages, layout_basic, minmay_ruptured
D:2:      layout_rooms, shapermc_ecumenical_altar_venn

Action                   || total
-------------------------++-------
Melee: Short sword       ||    18
Armor: Leather armour    ||     5
Dodge: Dodged            ||    24
